 Dungeon Crawl Stone Soup version 0.21-a0-227-g58a7c62 (webtiles) character file.

280052 tof the Acrobat (level 19, 0/204 HPs)
             Began as a Minotaur Gladiator on Aug 29, 2017.
             Was a High Priest of Wu Jian.
             Slain by a crystal guardian (35 damage)
             ... summoned by a halazid warlock
             ... in the Desolation of Salt on Aug 30, 2017.
             The game lasted 03:33:39 (39934 turns).

tof the Acrobat (Minotaur Gladiator)               Turns: 39934, Time: 03:33:40

Health: 0/204      AC: 37    Str: 25    XL:     19   Next: 67%
Magic:  18/18      EV: 24    Int: 14    God:    Wu Jian [*****.]
Gold:   898        SH:  0    Dex: 22    Spells: 18/18 levels left

rFire    + . .     SeeInvis +   a - +9 whip of the Illusory Tales {venom, MR+ Str+3}
rCold    + . .     Gourm    .   (no shield)
rNeg     + + .     Faith    .   D - +9 plate armour of the Evil One {Int+9 Dex-2 Stlth+}
rPois    +         Spirit   .   L - +2 hat
rElec    +         Reflect  .   c - scarf {rC+ rF+}
rCorr    .         Harm     .   d - +0 pair of gloves {Dex+3}
MR       +++..                  Z - +2 pair of boots {run}
Stlth    ..........             K - amulet of regeneration
HPRegen  0.84/turn              Q - ring "Cigon" {rPois rN+ MR+ Dex+2}
MPRegen  0.16/turn              E - ring of the Ancient Stories {rElec rN+ Slay+3 SInv}

@: about to teleport, barbed spikes, very slightly contaminated, drained, quick
A: retaliatory headbutt, hooves 1, horns 2, yellow scales 1, sense surroundings
1, robust 2, strong 1, evolution 2, subdued magic 1, MP-powered wands
}: 2/15 runes: decaying, serpentine
a: Serpent's Lash, Heavenly Storm, Renounce Religion


You were in the Desolation of Salt.
You worshipped Wu Jian.
Wu Jian was extremely pleased with you.
You were hungry.

You visited 7 branches of the dungeon, and saw 34 of its levels.
You also visited: Ossuary, Ice Cave and Desolation.

You collected 5411 gold pieces.
You spent 4513 gold pieces at shops.

Inventory:

Hand Weapons
 a - the +9 whip of the Illusory Tales (weapon) {venom, MR+ Str+3}
   (You found it on level 4 of the Dungeon)

   It poisons the flesh of those it strikes.
   It affects your strength (+3).
   It affects your resistance to hostile enchantments.
 b - a +6 blowgun
Missiles
 e - 7 tomahawks of dispersal (quivered)
 g - 156 poisoned needles
 j - 8 needles of frenzy
Armour
 c - a scarf of resistance (worn)
 d - a +0 pair of gloves of dexterity (worn)
 D - the +9 plate armour of the Evil One (worn) {Int+9 Dex-2 Stlth+}
   (You found it on level 4 of the Snake Pit)

   It affects your intelligence (+9).
   It affects your dexterity (-2).
   It makes you more stealthy.
 L - a +2 hat (worn)
 Z - a +2 pair of boots of running (worn)
Jewellery
 o - an uncursed ring of protection from fire
 s - a +3 amulet of reflection
 E - the ring of the Ancient Stories (right hand) {rElec rN+ Slay+3 SInv}
   (You found it on level 4 of the Lair of Beasts)

   [ring of see invisible]

   It affects your accuracy and damage with ranged weapons and melee attacks
   (+3).
   It insulates you from electricity.
   It protects you from negative energy.
   It lets you see invisible.
 H - an uncursed ring of protection from cold
 K - an amulet of regeneration (around neck)
 P - an uncursed ring of flight
 Q - the ring "Cigon" (left hand) {rPois rN+ MR+ Dex+2}
   (You found it on level 5 of the Lair of Beasts)

   [ring of positive energy]

   It affects your dexterity (+2).
   It protects you from poison.
   It protects you from negative energy.
   It affects your resistance to hostile enchantments.
Wands
 r - a wand of digging (18/24)
 X - a wand of confusion (11/48)
Scrolls
 f - a scroll of fog
 i - 8 scrolls of identify
 k - 2 scrolls of brand weapon
 n - 2 scrolls of fear
 u - 4 scrolls of blinking
 z - 2 scrolls of summoning
 B - a scroll of holy word
 F - 10 scrolls of teleportation
 G - 2 scrolls of silence
 M - 6 scrolls of recharging
 R - 9 scrolls of remove curse
 T - 2 scrolls of magic mapping
Potions
 h - 5 potions of resistance
 m - a potion of invisibility
 p - 11 potions of flight
 v - a potion of berserk rage
 w - 6 potions of haste
 x - 5 potions of might
 A - 12 potions of curing
 C - 2 potions of agility
 Y - 4 potions of heal wounds
Miscellaneous
 y - a lamp of fire
 N - a box of beasts
 W - a fan of gales
Comestibles
 l - 14 meat rations
 q - 13 fruits
 t - 21 royal jellies
 I - a bread ration
 O - 2 chunks of flesh


   Skills:
 + Level 15.5(15.4) Fighting
 * Level 20.4(21.2) Maces & Flails
   Level 12.4(17.6) Staves
 + Level 12.2(12.1) Throwing
 + Level 19.9(19.7) Armour
 + Level 21.2(21.1) Dodging


You had 18 spell levels left.
You didn't know any spells.

Dungeon Overview and Level Annotations

Branches:
Dungeon (15/15)            Temple (1/1) D:7            Lair (6/6) D:11
  Swamp (4/4) Lair:2        Snake (4/4) Lair:4        Slime (0/5) Lair:5
    Orc (2/2) D:9             Elf (2/3) Orc:2        Vaults (0/5) D:13
 Depths (0/5) D:15

Altars:
Ashenzari
Cheibriados
Dithmenos
Elyvilon
Fedhas
Gozag
Hepliaklqana
Kikubaaqudgha
Nemelex Xobeh
Okawaru
Qazlal
Ru
Sif Muna
Trog
Uskayaw
Vehumet
Wu Jian
Xom
Yredelemnul
Zin
The Shining One
Jiyva

Shops:
D:5 }}(%?   D:10 *   D:11 :   D:12 *   D:14 :   Orc:2 [((:   Snake:1 [
Snake:3 =*

Portals:
Trove: D:11 (give +7 demon blade)

Annotations:
D:9 bigmonsters
D:11 treasure grove
D:12 Frances


Innate Abilities, Weirdness & Mutations

You reflexively headbutt those who attack you in melee.
You have a pair of horns on your head.
You have large cloven feet.
You are partially covered in yellow scales. (AC +2)
You passively map a small area around you.
You are very robust. (+20% HP)
Your muscles are strong. (Str +2)
You rapidly evolve.
Your spells are a little easier to cast, but a little less powerful.
You expend magic power (3 MP) to strengthen your wands.


Message History

The servant of whispers closely misses you.
The saltling hits you but does no damage.
The servant of whispers completely misses you.
The saltling completely misses you. You furiously retaliate!
You headbutt the saltling, but do no damage.
A saltling comes into view.
Blink to where?
Press: ? - help, Dir - move target cursor You are very lightly contaminated with residual magic.
As you read the scroll of blinking, it crumbles to dust. 2 saltlings come into view.
The peacekeeper hurls a volley of spikes at you.
The volley of spikes hits you! The crystal guardian hits you!
* * * LOW HITPOINT WARNING * * *
The saltling moves out of view.
The saltling completely misses you.
A saltling comes into view.
As you read the scroll of teleportation, it crumbles to dust.
You feel strangely unstable. The saltling closely misses you.
The crystal guardian hits you!!
You die...

, .............∩.......
.........................
.......§§§..##............
.........§§§..#............
,
.........§§§§...............
,
........§§§§................
........§§.§§...............
.........§§§§............#..
.........)§§88@8..........,
.........§p§L888.......... ,
........8pp§8L§.........
.........§p#§§§8........ ,
.####.#....p#8§......... ,
*#..#..8p............ ,
|)[.##.p.............,
,=.##................... .
...##............... ,


You could see 2 halazid warlocks, a crystal guardian, a peacekeeper and 6
saltlings.

Vanquished Creatures
  Saint Roka (Snake:3)
  Bai Suzhen (Swamp:4)
  the Lernaean hydra (Swamp:4)
  Vashnia (Snake:1)
  Nikola (Snake:1)
  Gastronok (Lair:2)
  4 thorn hunters
  Kirke (D:12)
  10 nagarajas (Snake:4)
  Aizul (Swamp:2)
  A frost giant (IceCv)
  Nessos (Lair:5)
  2 deep elf demonologists (Elf:1)
  Azrael (D:12)
  Snorg (D:11)
  A deep elf high priest (Elf:1)
  3 ragged hierophants (Desolation)
  8 vault guards (D:13)
  3 servants of whispers
  15 hydras
  18 naga warriors
  A peacekeeper (Desolation)
  A ghost crab (Swamp:3)
  Harold (D:10)
  7 anacondas
  A merfolk avatar (Lair:6)
  A centaur warrior (D:9)
  6 dancing weapons
  An ogre mage (D:15)
  8 two-headed ogres
  16 death yaks
  A tengu warrior (D:15)
  9 alligators
  Urug (D:13)
  6 orc high priests
  15 naga sharpshooters
  8 deep elf knights (Elf:1)
  4 shock serpents
  3 salamander mystics
  An unseen horror (D:14)
  11 swamp dragons
  3 sea snakes (Lair:6)
  5 deep elf archers
  4 spriggan druids
  The ghost of Gorglomux the Poker, a novice TeSk of Yredelemnul (D:8)
  8 orc knights
  19 deep elf magi
  Pikel (D:8)
  A wizard (D:14)
  11 naga ritualists
  2 orc sorcerers
  A wolf spider zombie (D:15)
  3 manticores
  18 mana vipers
  4 cyclopes
  11 ugly things
  A manticore (shapeshifter) (D:9)
  An oklob plant (Lair:4)
  20 salamanders
  2 ice statues (IceCv)
  A shining eye (shapeshifter) (D:14)
  Joseph (Lair:1)
  Psyche (D:12)
  34 black mambas
  23 guardian serpents
  9 elephants (Lair:5)
  A torpor snail (Lair:5)
  20 spiny frogs
  30 naga magi
  3 gargoyles
  10 rime drakes
  12 komodo dragons
  2 efreet (D:14)
  A komodo dragon (shapeshifter) (D:15)
  A redback zombie (D:14)
  2 freezing wraiths (D:14)
  2 tengu conjurers (D:15)
  4 trolls
  A queen bee (D:13)
  13 polar bears
  10 saltlings
  39 slime creatures
  6 tyrant leeches
  8 hornets
  10 dream sheep
  4 bog bodies
  13 hippogriffs
  41 blink frogs
  An air elemental (Elf:1)
  Sigmund (D:6)
  5 wyverns
  A shadow (Swamp:2)
  A vampire (D:9)
  50 yaks
  5 spriggans
  A water elemental (D:14)
  2 wraiths
  A human (D:12)
  2 hogs (D:11)
  3 fire elementals
  2 basilisks
  A steam dragon (D:7)
  Eustachio (D:5)
  3 hungry ghosts
  A warg (Orc:2)
  21 vampire mosquitoes
  22 swamp worms
  66 nagas
  4 insubstantial wisps (Swamp:2)
  Edmund (D:4)
  14 water moccasins
  7 porcupines
  6 hell hounds (D:11)
  3 acid dragons
  4 slaves (D:8)
  An eye of draining (D:15)
  48 orc warriors
  2 black bears
  An eye of draining (shapeshifter) (D:15)
  6 ice beasts
  2 phantoms
  2 sky beasts
  14 swamp drakes
  5 centaurs
  13 crocodiles
  9 wolves
  15 ogres
  22 bullfrogs
  A big kobold (D:12)
  An earth elemental (Elf:1)
  2 elf zombies (Ossuary)
  Blork the orc (D:4)
  3 scorpions
  A wyvern skeleton (D:14)
  30 killer bees
  11 wights
  An electric eel (Lair:4)
  6 howler monkeys
  9 crimson imps
  A bullfrog zombie (D:8)
  3 centaur zombies
  2 quasits
  A human zombie (Ossuary)
  3 jellies
  28 orc priests
  3 bullfrog skeletons
  7 hounds
  8 centaur skeletons
  5 iguanas
  26 orc wizards
  Ijyb (D:3)
  Jessica (D:2)
  Natasha (twice) (D:2)
  9 worker ants
  A statue (D:9)
  A big kobold zombie (Ossuary)
  A hound zombie (D:5)
  2 hound skeletons (D:5)
  2 mummies (Ossuary)
  Robin (D:4)
  10 gnolls
  2 worker ant zombies (D:9)
  13 adders
  3 shadow imps
  12 white imps (Orc:1)
  2 oozes
  3 adder zombies
  4 adder skeletons
  2 worms
  2 dart slugs
  9 leopard geckos
  117 orcs
  2 ball pythons
  4 giant cockroaches
  16 goblins
  8 hobgoblins
  4 jackals (D:3)
  7 quokkas
  9 bats
  2 frilled lizards
  A goblin zombie (Ossuary)
  9 hobgoblin zombies (Ossuary)
  3 jackal zombies
  19 kobolds
  10 kobold zombies (Ossuary)
  A leopard gecko skeleton (D:8)
  A leopard gecko zombie (D:6)
  9 orc zombies (Ossuary)
  A quokka skeleton (D:8)
  11 rats
  A rat zombie (Ossuary)
  A spectral orc (D:4)
  A briar patch (Swamp:4)
  2 bushes (D:3)
1440 creatures vanquished.

Vanquished Creatures (others)
  An imperial myrmidon (Desolation)
  A hydra (Swamp:4)
  A naga warrior (Snake:2)
  A naga ritualist (Snake:4)
  A mana viper (Snake:2)
  An ugly thing (D:14)
  A salamander (D:15)
  A guardian serpent (Snake:4)
  A saltling (Desolation)
  A slime creature (Swamp:4)
  A vampire mosquito (Swamp:4)
  2 orcs
  A rat zombie (D:7)
  A briar patch (Swamp:4)
  A bush (Lair:6)
  26 fungi
  39 plants
81 creatures vanquished.

Grand Total: 1521 creatures vanquished

Notes
Turn   | Place    | Note
-------+----------+-------------------------------------------
     0 | D:1      | tof the Minotaur Gladiator began the quest for the Orb.
     0 | D:1      | Reached XP level 1. HP: 18/18 MP: 0/0
   202 | D:1      | Reached XP level 2. HP: 23/25 MP: 1/1
   529 | D:2      | Reached skill level 1 in Armour
   697 | D:2      | Noticed Jessica
   701 | D:2      | Reached XP level 3. HP: 28/30 MP: 2/2
   704 | D:2      | Killed Jessica
  1081 | D:2      | Noticed Natasha
  1084 | D:2      | Reached XP level 4. HP: 37/37 MP: 3/3
  1097 | D:2      | Killed Natasha
  1207 | D:2      | Reached skill level 4 in Dodging
  1535 | D:2      | Noticed Natasha
  1546 | D:2      | Killed Natasha
  1546 | D:2      | Reached XP level 5. HP: 29/45 MP: 4/4
  1676 | D:3      | Reached skill level 5 in Staves
  1761 | D:3      | Noticed Ijyb
  1768 | D:3      | Killed Ijyb
  1901 | D:3      | Found an opulent altar of Gozag.
  1972 | D:3      | Found a blossoming altar of Fedhas.
  1974 | D:3      | Found an ancient bone altar of Kikubaaqudgha.
  2117 | D:3      | Found a shadowy altar of Dithmenos.
  2740 | D:4      | Noticed Blork the orc
  2945 | D:4      | Killed Blork the orc
  2945 | D:4      | Reached XP level 6. HP: 50/51 MP: 5/5
  3277 | D:4      | Noticed Edmund
  3301 | D:4      | Killed Edmund
  3301 | D:4      | Reached skill level 5 in Dodging
  3301 | D:4      | Reached XP level 7. HP: 40/58 MP: 6/6
  3620 | D:4      | Found a glowing silver altar of Zin.
  3765 | D:4      | Found a basalt altar of Yredelemnul.
  3804 | D:4      | Found a hazy altar of Hepliaklqana.
  3820 | D:4      | Noticed Robin
  3843 | D:4      | Killed Robin
  3980 | D:4      | Got a scorched whip
  3981 | D:4      | Identified the +9 whip of the Illusory Tales {venom, MR+ Str+3} (You found it on level 4 of the Dungeon)
  4027 | D:5      | Entered Level 5 of the Dungeon
  4146 | D:5      | Found Taxit's Gadget Shoppe.
  4188 | D:5      | Found Gowimi's Food Shoppe.
  4189 | D:5      | Found Jausmomu's Magic Scroll Emporium.
  4202 | D:5      | Bought a scroll of identify for 30 gold pieces
  4202 | D:5      | Bought a scroll of teleportation for 45 gold pieces
  4202 | D:5      | Bought a scroll of identify for 30 gold pieces
  4202 | D:5      | Bought a scroll of identify for 30 gold pieces
  4202 | D:5      | Bought a scroll of identify for 30 gold pieces
  4410 | D:5      | Noticed Eustachio
  4424 | D:5      | Killed Eustachio
  4424 | D:5      | Reached skill level 5 in Armour
  4502 | D:5      | Found Qece's Antique Weapon Shop.
  4542 | D:5      | Found a deep blue altar of Sif Muna.
  4554 | D:5      | Found a stormy altar of Qazlal.
  4777 | D:5      | Reached XP level 8. HP: 57/66 MP: 7/7
  4789 | D:5      | Found Vuikh's Gadget Boutique.
  4929 | D:5      | Reached skill level 6 in Dodging
  5297 | D:6      | Noticed Sigmund
  5314 | D:6      | Killed Sigmund
  5391 | D:6      | Reached skill level 5 in Fighting
  5945 | D:6      | Reached skill level 7 in Dodging
  5945 | D:6      | Reached XP level 9. HP: 74/74 MP: 8/8
  6462 | D:7      | Found a sand-covered staircase.
  6475 | Ossuary  | Entered an ossuary
  6692 | Ossuary  | Reached skill level 5 in Throwing
  6846 | D:7      | Found a staircase to the Ecumenical Temple.
  6854 | Temple   | Entered the Ecumenical Temple
  6918 | Temple   | Became a worshipper of the Wu Jian Council
  7688 | D:8      | Reached skill level 8 in Dodging
  7837 | D:8      | Reached * piety under Wu Jian
  7879 | D:8      | Noticed a purple ugly thing
  7895 | D:8      | Killed a purple ugly thing
  7895 | D:8      | Reached XP level 10. HP: 55/84 MP: 9/9
  8428 | D:8      | Noticed Pikel
  8429 | D:8      | Noticed Gorglomux's ghost (novice TeSk)
  8459 | D:8      | Killed Pikel
  8468 | D:8      | Killed Gorglomux's ghost
  8468 | D:8      | Reached ** piety under Wu Jian
  8468 | D:8      | Reached skill level 9 in Dodging
  8719 | D:9      | Reached skill level 10 in Staves
  8899 | D:9      | Found a staircase to the Orcish Mines.
  8927 | D:9      | Found a shimmering altar of Xom.
  8943 | D:9      | Noticed a two-headed ogre
  8960 | D:9      | Killed a two-headed ogre
  8960 | D:9      | Reached skill level 10 in Armour
  8964 | D:9      | Noticed a brown ugly thing
  8986 | D:9      | Killed a brown ugly thing
  8990 | D:9      | Gained mutation: You are robust. (+10% HP) [mutagenic meat]
  8991 | D:9      | Gained mutation: You expend magic power (3 MP) to strengthen your wands. [mutagenic meat]
  9183 | D:9      | Noticed a cyclops
  9188 | D:9      | Noticed a centaur warrior
  9188 | D:9      | Noticed a deep elf mage
  9310 | D:9      | Found a radiant altar of Vehumet.
  9656 | D:9      | Noticed a mana viper
  9750 | D:10     | Entered Level 10 of the Dungeon
  9756 | D:10     | Reached XP level 11. HP: 101/101 MP: 10/10
  9760 | D:10     | Gained mutation: You have large cloven feet. [mutagenic meat]
  9761 | D:10     | Gained mutation: Your body sometimes deteriorates upon taking damage. [mutagenic meat]
  9762 | D:10     | Gained mutation: You have hoof-like feet. [mutagenic meat]
  9800 | D:10     | Found Isip's General Store.
  9835 | D:10     | Bought a scroll of silence for 112 gold pieces
  9835 | D:10     | Bought a scroll of remove curse for 45 gold pieces
 10203 | D:10     | Reached *** piety under Wu Jian
 10431 | D:10     | Noticed Harold
 10446 | D:10     | Killed Harold
 10446 | D:10     | Reached skill level 10 in Dodging
 10577 | D:10     | You fall through a shaft for 2 floors!
 10577 | D:12     | Found Suhy's Assorted Antiques.
 10579 | D:12     | Noticed Frances
 10635 | D:12     | Noticed a two-headed ogre
 10642 | D:12     | Killed a two-headed ogre
 10668 | D:11     | Noticed a cyan ugly thing
 10680 | D:11     | Killed a cyan ugly thing
 10804 | D:11     | Noticed Snorg
 11238 | D:11     | Found a portal to a secret trove of treasure.
 11346 | D:11     | Noticed a green ugly thing
 11358 | D:11     | Killed a green ugly thing
 11374 | D:11     | Killed Snorg
 11503 | D:11     | Reached **** piety under Wu Jian
 11662 | D:11     | Found Ihehicag's Book Shop.
 11691 | D:11     | Noticed a death yak
 11692 | D:11     | Found a staircase to the Lair.
 11692 | D:11     | Noticed a death yak
 11692 | D:11     | Noticed a death yak
 11692 | D:11     | Noticed a death yak
 11692 | D:11     | Noticed a death yak
 11695 | D:11     | Noticed a death yak
 11719 | D:11     | Killed a death yak
 11719 | D:11     | Reached skill level 11 in Dodging
 11867 | D:11     | Killed a death yak
 11867 | D:11     | Reached XP level 12. HP: 51/113 MP: 11/11
 11888 | Lair:1   | Entered Level 1 of the Lair of Beasts
 11892 | Lair:1   | Killed a death yak
 12035 | Lair:1   | Killed a death yak
 12045 | Lair:1   | Killed a death yak
 12053 | Lair:1   | Killed a death yak
 12163 | D:11     | Noticed a two-headed ogre
 12171 | D:11     | Killed a two-headed ogre
 12266 | D:11     | Noticed a five-headed hydra
 12271 | D:11     | Killed a five-headed hydra
 12347 | D:12     | Noticed Kirke
 12351 | D:12     | Noticed Azrael
 12421 | D:10     | Noticed a two-headed ogre
 12425 | D:10     | Killed a two-headed ogre
 12425 | D:10     | Reached skill level 1 in Maces & Flails
 12466 | D:10     | Reached ***** piety under Wu Jian
 12868 | Lair:1   | Reached skill level 12 in Dodging
 13175 | Lair:1   | Noticed Joseph
 13185 | Lair:1   | Killed Joseph
 13715 | Lair:2   | Noticed Gastronok
 13736 | Lair:2   | Killed Gastronok
 13736 | Lair:2   | Reached XP level 13. HP: 98/122 MP: 12/12
 13920 | Lair:2   | Found a staircase to the Swamp.
 14742 | Lair:3   | Reached skill level 5 in Maces & Flails
 15010 | Lair:3   | Reached skill level 10 in Fighting
 15567 | Lair:4   | Found a staircase to the Snake Pit.
 15755 | Lair:4   | Got a shimmering brass ring
 15759 | Lair:4   | Identified the ring of the Ancient Stories {rElec rN+ Slay+3 SInv} (You found it on level 4 of the Lair of Beasts)
 15934 | Lair:4   | Reached skill level 13 in Dodging
 15980 | Lair:4   | Found a labyrinth entrance.
 16661 | Lair:5   | Found a staircase to the Slime Pits.
 16662 | Lair:5   | Found a viscous altar of Jiyva.
 16880 | Lair:5   | Got a scintillating iron ring
 16881 | Lair:5   | Identified the ring "Cigon" {rPois rN+ MR+ Dex+2} (You found it on level 5 of the Lair of Beasts)
 17078 | Lair:5   | Noticed Nessos
 17092 | Lair:5   | Killed Nessos
 17092 | Lair:5   | Reached XP level 14. HP: 127/134 MP: 13/13
 17700 | Lair:6   | Entered Level 6 of the Lair of Beasts
 17880 | Lair:6   | Reached ****** piety under Wu Jian
 18147 | Lair:6   | Reached skill level 15 in Armour
 18200 | Lair:6   | Identified Gemnab's Guide on Envenoming and Translocation
 18609 | Lair:6   | Reached skill level 14 in Dodging
 18872 | Lair:6   | Got a brightly glowing mace
 18873 | Lair:6   | Identified the +2 mace of Neurosis {venom, rC+ Str+2 Dex-4} (You found it on level 6 of the Lair of Beasts)
 18970 | Lair:6   | Reached skill level 10 in Throwing
 19423 | Lair:6   | Lost mutation: You expend magic power (3 MP) to strengthen your wands. [potion of mutation]
 19423 | Lair:6   | Lost mutation: Your body sometimes deteriorates upon taking damage. [potion of mutation]
 19423 | Lair:6   | Gained mutation: You evolve. [potion of mutation]
 19423 | Lair:6   | Gained mutation: You are partially covered in yellow scales. (AC +2) [potion of mutation]
 19798 | Orc:1    | Entered Level 1 of the Orcish Mines
 19807 | Orc:1    | Gained mutation: You rapidly evolve. [evolution]
 19809 | Orc:1    | Found a frozen archway.
 19820 | Orc:1    | Reached skill level 10 in Maces & Flails
 19823 | IceCv    | Entered an ice cave
 20226 | IceCv    | Reached XP level 15. HP: 105/143 MP: 14/14
 20292 | IceCv    | Noticed a frost giant
 20308 | IceCv    | Killed a frost giant
 20918 | Orc:2    | Entered Level 2 of the Orcish Mines
 21122 | Orc:2    | Found a staircase to the Elven Halls.
 21826 | Orc:2    | Found Juseix's Book Shop.
 21827 | Orc:2    | Found Sura's Armour Shop.
 21827 | Orc:2    | Found Nene's Weapon Boutique.
 21828 | Orc:2    | Found Sugryczu's Antique Weapon Shop.
 22669 | D:9      | Reached skill level 15 in Dodging
 22761 | D:9      | Got a spiked ring mail
 22772 | D:9      | Identified the cursed +1 ring mail of Raxkyra {Int+4} (You found it on level 9 of the Dungeon)
 23008 | D:11     | Bought a manual of Maces & Flails for 1987 gold pieces
 23109 | D:12     | Killed Azrael
 23131 | D:12     | Killed Kirke
 23220 | D:12     | Noticed Psyche
 23221 | D:12     | Found a snail-covered altar of Cheibriados.
 23226 | D:12     | Killed Psyche
 23787 | D:13     | Found a gate to the Vaults.
 24193 | D:13     | Gained mutation: You are very robust. (+20% HP) [evolution]
 24817 | D:14     | Found Xuadiq's Book Shoppe.
 24851 | D:14     | Reached XP level 16. HP: 123/166 MP: 15/15
 24860 | D:14     | Gained mutation: You expend magic power (3 MP) to strengthen your wands. [a shining eye]
 24962 | D:14     | Noticed Urug
 25007 | D:13     | Killed Urug
 25292 | D:15     | Entered Level 15 of the Dungeon
 26157 | D:15     | Found a staircase to the Depths.
 26500 | Swamp:1  | Entered Level 1 of the Swamp
 26771 | Swamp:1  | Reached skill level 16 in Dodging
 27226 | Swamp:2  | Noticed Aizul
 27244 | Swamp:2  | Killed Aizul
 27506 | Swamp:2  | Noticed a thorn hunter
 27513 | Swamp:2  | Killed a thorn hunter
 27513 | Swamp:2  | Reached skill level 15 in Maces & Flails
 28350 | Swamp:3  | Noticed a thorn hunter
 28370 | Swamp:3  | Killed a thorn hunter
 28571 | Swamp:3  | Gained mutation: Your spells are a little easier to cast, but a little less powerful. [evolution]
 28863 | D:14     | Bought a manual of Dodging for 1766 gold pieces
 29037 | Swamp:4  | Entered Level 4 of the Swamp
 29481 | Swamp:4  | Reached XP level 17. HP: 100/180 MP: 16/16
 29775 | Swamp:4  | Noticed Bai Suzhen
 30288 | Swamp:4  | Reached skill level 17 in Dodging
 30403 | Swamp:4  | Noticed the 27-headed Lernaean hydra
 30414 | Swamp:4  | Killed the 27-headed Lernaean hydra
 30803 | Swamp:4  | Got a decaying rune of Zot
 30978 | Swamp:4  | Gained mutation: You passively map a small area around you. [evolution]
 31027 | Swamp:4  | Killed Bai Suzhen
 31500 | Snake:1  | Entered Level 1 of the Snake Pit
 31596 | Snake:1  | Reached skill level 18 in Dodging
 31642 | Snake:1  | Found Epuahigu's Armour Shop.
 31694 | Snake:1  | Noticed Nikola
 31712 | Snake:1  | Killed Nikola
 32693 | Snake:1  | Upgraded the game from 0.21-a0-225-g207ae17 to 0.21-a0-227-g58a7c62
 32740 | Snake:2  | Noticed Vashnia
 33047 | Snake:1  | Killed Vashnia
 33309 | Snake:1  | Gained mutation: Your muscles are strong. (Str +2) [evolution]
 33476 | Snake:2  | Reached skill level 19 in Dodging
 33476 | Snake:2  | Reached XP level 18. HP: 192/192 MP: 17/17
 34578 | Snake:3  | Noticed Saint Roka
 34620 | Snake:3  | Killed Saint Roka
 34918 | Snake:3  | Found Izarghi's Jewellery Emporium.
 34931 | Snake:3  | Found Dugyex's General Store.
 34969 | Snake:3  | Bought a +1 pair of boots of running for 438 gold pieces
 35135 | Snake:3  | Reached skill level 20 in Dodging
 35733 | Snake:4  | Entered Level 4 of the Snake Pit
 36342 | Snake:4  | Got an ichor-stained plate armour
 36353 | Snake:4  | Identified the +9 plate armour of the Evil One {Int+9 Dex-2 Stlth+} (You found it on level 4 of the Snake Pit)
 36784 | Snake:4  | Reached skill level 15 in Fighting
 36876 | Snake:4  | Reached XP level 19. HP: 107/204 MP: 18/18
 37385 | Snake:4  | Reached skill level 21 in Dodging
 37591 | Snake:4  | Got a serpentine rune of Zot
 38154 | Elf:1    | Entered Level 1 of the Elven Halls
 38882 | Elf:1    | Lost mutation: You have hoof-like feet. [evolution]
 39082 | Elf:1    | Got an ancient chain mail
 39083 | Elf:1    | Identified the +0 chain mail of Sovereignty {+Inv +Fly Int+2 Dex-2} (You took it off an orc high priest on level 1 of the Elven Halls)
 39813 | Elf:2    | Found a ruined gateway.
 39825 | Desolati | Entered the Desolation of Salt
 39934 | Desolati | Slain by a crystal guardian

Vault maps used:
D:1:      dpeg_arrival_chambers_temple_mockup
D:2:      wad_lake_hut, first_bread, uniq_natasha, uniq_jessica
D:3:      grunt_temple_overflow_growth_and_decay,
          nicolae_overflow_crystal_walls, marbit_many_paths,
          lexackson_kobold_supper, uniq_ijyb
D:4:      kennysheep_little_box, yredelemnul_forgotten_temple_becter,
          kennysheep_mini_moat, uniq_blork_the_orc, uniq_robin, uniq_edmund
D:5:      minitemple, serial_shops, nicolae_shop_window_shopping,
          kennysheep_mini, shop, shop, shop, minmay_door_square, uniq_eustachio
D:6:      minmay_flawed_box, uniq_sigmund
D:7:      minmay_temple_entry_grid, enter_ossuary_3
D:8:      hangedman_cross_stitches, nicolae_overflow_hidden_temple, uniq_pikel
D:9:      vehumet_statue, lemuel_coloured_pillars_altar, david_orc_2,
          minivault_12
D:10:     special_room, serial_shops, shop_coins, uniq_harold
D:11:     dpeg_lair_monsters, serial_shops, shop, enter_trove_1, uniq_snorg
D:12:     serial_shops, nicolae_shop_waterfront, basic_altar, uniq_frances,
          uniq_psyche, uniq_kirke, uniq_azrael
D:13:     wad_pebble_path, erik_vaults_2, david_nohive_1
D:14:     hourglass_vault, serial_shops, shop, roderic_lattice_octagonal_star,
          uniq_urug
D:15:     hangedman_depths_entry_try_elsewhere_first, minmay_misc_feat_five,
          minmay_misc_feat_doors, minivault_16
Temple:   eino_wide_crystal_templ
Lair:1:   uniq_joseph
Lair:2:   swamp_mist, uniq_gastronok
Lair:4:   minmay_snake_entry_guardpost_medium, lab_entry_generic,
          nicolae_quartered_pool_little, grunt_forest_stairs_basic,
          grunt_megastairs_3
Lair:5:   slime_altar_1, minmay_lair_drake_nest, uniq_nessos
Lair:6:   gammafunk_lair_ancient_temple
Swamp:1:  hangedman_swamp_ruin_hall, swamp_pool2, infiniplex_staircase_pool
Swamp:2:  nicolae_swamp_dense_foliage, uniq_aizul
Swamp:3:  hangedman_swamp_ruin_wall
Swamp:4:  swamp_old_school, uniq_bai_suzhen
Snake:1:  serial_shops, shop_statue, uniq_nikola
Snake:2:  uniq_vashnia
Snake:3:  hangedman_snake_thin_pillar_pass, serial_bayou_pond_a,
          minmay_shoptagon, uniq_saint_roka
Snake:4:  snake_hunt, grunt_megastairs_2
Orc:1:    portal_ice_cave_entry_imps
Orc:2:    st_orc_pillars
Elf:1:    orc_legates
Elf:2:    portal_desolation_entry_salt, uniq_agnes, uniq_roxanne, uniq_donald
Ossuary:  ossuary_tomb_1
IceCv:    ice_cave_small_giant

Skill      XL: |  1  2  3  4  5  6  7  8  9 10 11 12 13 14 15 16 17 18 19 |
---------------+----------------------------------------------------------+-----
Staves         | 4 5 6 7 9 10 12 | 12.4
Armour         | 1 2 3 5 6 9 10 11 13 14 15 17 18 19 | 19.9
Dodging        | 4 5 7 8 9 11 12 13 14 15 16 19 20 21 | 21.2
Fighting       | 3 4 5 6 7 8 9 10 11 12 13 14 15 | 15.5
Throwing       | 3 4 5 6 7 8 9 10 11 12 | 12.2
Maces & Flails | 4 7 10 12 16 18 19 20 | 20.4

Action                   |  1- 3 |  4- 6 |  7- 9 | 10-12 | 13-15 | 16-18 | 19-21 || total
-------------------------+-------+-------+-------+-------+-------+-------+-------++-------
Melee: Quarterstaff      |    48 |   256 |    27 |       |       |       |       ||   331
       Headbutt          |     8 |    73 |    72 |   174 |   391 |   642 |   150 ||  1510
       Whip              |       |       |   308 |   587 |  1536 |  1893 |   504 ||  4828
       Kick              |       |       |       |   216 |   659 |   768 |       ||  1643
 Fire: Blowgun           |       |     6 |    19 |    17 |    21 |    93 |       ||   156
Invok: Heavenly Storm    |       |       |       |       |       |     4 |     1 ||     5
Evoke: Wand              |       |       |     1 |       |     1 |       |       ||     2
       Lamp of fire      |       |       |       |       |     1 |       |       ||     1
  Use: Scroll            |       |    10 |    10 |     8 |    23 |    16 |     7 ||    74
       Potion            |       |       |       |     1 |     1 |     5 |       ||     7
 Stab: Distracted        |       |       |       |     1 |     2 |     1 |     1 ||     5
       Invisible         |       |       |       |     1 |       |       |       ||     1
  Eat: Chunk             |       |     8 |    14 |    15 |    19 |    12 |     5 ||    73
       Bread ration      |       |       |       |     3 |     4 |     4 |       ||    11
       Meat ration       |       |       |       |       |       |     2 |       ||     2
       Fruit             |       |       |       |       |       |     3 |     5 ||     8
Armor: Ring mail         |    19 |    49 |    91 |    53 |       |       |       ||   212
       Leather armour    |     2 |       |       |       |       |       |       ||     2
       Plate armour      |       |       |       |   115 |   353 |   635 |   158 ||  1261
Dodge: Dodged            |    28 |   112 |   207 |   299 |   550 |  1050 |   286 ||  2532
Block: Other             |     6 |     3 |    40 |    23 |       |       |       ||    72
       Reflection        |       |       |       |     2 |       |       |       ||     2

Table legend:
 A = Spawn XP
 B = Non-spawn XP
 C = Spawn XP percentage of total XP
 D = Spawn monster count
 E = Non-spawn monster count
 F = Spawn count percentage of total count
 G = Total turns spent on level
                    A         B        C        D         E        F      G
               +---------+---------+-------+---------+---------+-------+---------
         Total |   50975 |  391657 |  11.5 |     177 |    1262 |  12.3 | 39934
               +---------+---------+-------+---------+---------+-------+---------
           D:1 |       0 |      22 |   0.0 |       0 |      13 |   0.0 |   491
           D:2 |      18 |     166 |   9.8 |       4 |      26 |  13.3 |  1171
           D:3 |       5 |     152 |   3.2 |       4 |      32 |  11.1 |  1247
           D:4 |      41 |     413 |   9.0 |       3 |      25 |  10.7 |  1118
           D:5 |     131 |     612 |  17.6 |       1 |      18 |   5.3 |  1059
           D:6 |      93 |    1264 |   6.9 |       1 |      25 |   3.8 |  1146
           D:7 |       1 |    1326 |   0.1 |       1 |      28 |   3.4 |  1009
           D:8 |     231 |    3211 |   6.7 |       3 |      38 |   7.3 |  1049
           D:9 |     141 |    6606 |   2.1 |       3 |      35 |   7.9 |  1340
          D:10 |     909 |    3464 |  20.8 |       6 |      45 |  11.8 |  1052
          D:11 |    2427 |    8439 |  22.3 |      10 |      49 |  16.9 |  1904
          D:12 |      88 |    6871 |   1.3 |       1 |      27 |   3.6 |   560
          D:13 |    1184 |   14006 |   7.8 |       4 |      45 |   8.2 |   988
          D:14 |    2340 |   10847 |  17.7 |       5 |      36 |  12.2 |  1091
          D:15 |     587 |   14602 |   3.9 |       2 |      39 |   4.9 |   923
        Lair:1 |    1596 |    6978 |  18.6 |       7 |      17 |  29.2 |  1244
        Lair:2 |     409 |    6412 |   6.0 |       2 |      12 |  14.3 |  1328
        Lair:3 |    1298 |    4624 |  21.9 |       5 |      14 |  26.3 |  1029
        Lair:4 |    1707 |    6883 |  19.9 |       6 |      26 |  18.8 |  1216
        Lair:5 |     240 |    9890 |   2.4 |       2 |      26 |   7.1 |  1097
        Lair:6 |    5028 |   24088 |  17.3 |      25 |      59 |  29.8 |  1938
       Swamp:1 |       0 |    7421 |   0.0 |       0 |      29 |   0.0 |   806
       Swamp:2 |    2317 |   13700 |  14.5 |       8 |      32 |  20.0 |  1058
       Swamp:3 |    1640 |   11807 |  12.2 |       2 |      36 |   5.3 |   811
       Swamp:4 |    7520 |   33220 |  18.5 |      15 |      45 |  25.0 |  1940
       Snake:1 |    3699 |   21024 |  15.0 |       5 |      26 |  16.1 |  1797
       Snake:2 |    1316 |   26927 |   4.7 |       2 |      53 |   3.6 |   922
       Snake:3 |    7793 |   24139 |  24.4 |      19 |      47 |  28.8 |  1679
       Snake:4 |    3535 |   62228 |   5.4 |       9 |     104 |   8.0 |  2038
         Orc:1 |     411 |    3866 |   9.6 |       7 |      43 |  14.0 |   770
         Orc:2 |    1775 |   10062 |  15.0 |      11 |      70 |  13.6 |  1197
         Elf:1 |    2495 |   21557 |  10.4 |       4 |      42 |   8.7 |  1544
         Elf:2 |       0 |    6206 |   0.0 |       0 |      10 |   0.0 |   127
       Ossuary |       0 |     332 |   0.0 |       0 |      39 |   0.0 |   332
         IceCv |       0 |    9861 |   0.0 |       0 |      36 |   0.0 |   722
    Desolation |       0 |    8431 |   0.0 |       0 |      15 |   0.0 |   109
               +---------+---------+-------+---------+---------+-------+---------
